 Dungeon Crawl Stone Soup version 0.21.0-8-gf18e19db4a (webtiles) character file.

618366 Jannitor the Scorcher (level 27, -7/258 HPs)
             Began as a Naga Fighter on Jan 15, 2018.
             Was the Champion of Cheibriados.
             Killed from afar by a purple draconian monk (27 damage)
             ... with a bolt of dispelling energy
             ... on level 4 of the Realm of Zot on Jan 17, 2018.
             The game lasted 03:53:34 (58529 turns).

Jannitor the Scorcher (Naga Fighter)               Turns: 58529, Time: 03:53:35

Health: -7/258     AC: 52    Str: 35    XL:     27
Magic:  8/39       EV: 23    Int: 44    God:    Cheibriados [******]
Gold:   4379       SH: 19    Dex: 27    Spells: 8/50 levels left

rFire    + . .     SeeInvis +   W - +10 morningstar "Inegra" {crush, Int+6}
rCold    + + .     Gourm    .   o - +2 shield {rN+}
rNeg     + + +     Faith    .   Q - +10 plate armour {rF+}
rPois    +         Spirit   .   i - +2 hat
rElec    +         Reflect  .   L - +1 cloak of Starlight {rElec rC+ EV+4 Stlth--}
rCorr    +         Harm     .   s - +2 pair of gloves of Hospitality {*Slow rC+ MR+++}
MR       +++++                  n - +4 naga barding
Stlth    ..........             a - macabre finger necklace {rN+}
HPRegen  0.53/turn              R - ring of positive energy
MPRegen  0.26/turn              I - ring of Umoumosu {rCorr rElec Int+4}
                                b - +4 ring of evasion

@: slowed, studying Air Magic, very slow
A: large, antennae 1, beak, repulsion field 1, see invisible, deformed body,
magic resistance 1, poison resistance, shaggy fur 1, slowness 2, slow metabolism
1, spit poison 1, constrict 1, AC +9
}: 3/15 runes: decaying, serpentine, abyssal
a: Spit Poison, Bend Time, Temporal Distortion, Slouch, Step From Time, Renounce
Religion


You were on level 4 of the Realm of Zot.
You worshipped Cheibriados.
Cheibriados was exalted by your worship.
You were full.

You visited 12 branches of the dungeon, and saw 52 of its levels.
You visited the Abyss 1 time.
You visited 3 bazaars.
You also visited: Labyrinth, Sewer, Ossuary, Bailey and Volcano.

You collected 8383 gold pieces.
You spent 4004 gold pieces at shops.

Inventory:

Hand Weapons
 e - a +6 antimagic demon whip
 z - a +9 eveningstar of flaming
 W - the +10 morningstar "Inegra" (weapon) {crush, Int+6}
   (You took it off a yellow draconian on level 3 of the Realm of Zot)

   It inflicts extra damage upon your enemies.
   It affects your intelligence (+6).
Armour
 i - a +2 hat (worn)
 n - a +4 naga barding (worn)
 o - a +2 shield of positive energy (worn)
 s - the +2 pair of gloves of Hospitality (worn) {*Slow rC+ MR+++}
   (You found it on level 6 of the Lair of Beasts)

   It protects you from cold.
   It affects your resistance to hostile enchantments.
   It may slow you when you take damage.
 K - a scarf of resistance
 L - the +1 cloak of Starlight (worn) {rElec rC+ EV+4 Stlth--}
   (You found it on level 2 of the Vaults)

   It affects your evasion (+4).
   It protects you from cold.
   It insulates you from electricity.
   It makes you much less stealthy.
 Q - a +10 plate armour of fire resistance (worn)
Jewellery
 a - the macabre finger necklace (around neck) {rN+}
   (You bought it in a shop in a bazaar)

   [amulet of nothing]

   It protects you from negative energy.
 b - a +4 ring of evasion (on amulet)
 I - the ring of Umoumosu (right hand) {rCorr rElec Int+4}
   (You took it off a deep elf mage on level 3 of the Elven Halls)

   [ring of resist corrosion]

   It affects your intelligence (+4).
   It insulates you from electricity.
 R - a ring of positive energy (left hand)
Wands
 l - a wand of acid (31)
 E - a wand of clouds (7)
 T - a wand of iceblast (7)
 V - a wand of digging (17)
 Y - a wand of scattershot (5)
Scrolls
 h - 2 scrolls of holy word
 p - a scroll of brand weapon
 q - 12 scrolls of amnesia
 x - 25 scrolls of teleportation
 y - 10 scrolls of identify
 D - 4 scrolls of silence
 F - 6 scrolls of fear
 G - 29 scrolls of remove curse
 H - 7 scrolls of blinking
 J - 7 scrolls of magic mapping
 O - 5 scrolls of fog
 U - a scroll of enchant armour
 X - a scroll of enchant weapon
Potions
 d - 8 potions of brilliance
 g - 6 potions of heal wounds
 j - 10 potions of ambrosia
 k - 4 potions of mutation
 m - 3 potions of magic
 r - 3 potions of resistance
 t - 6 potions of agility
 u - 4 potions of cancellation
 v - 29 potions of curing
 A - 11 potions of flight
 B - 13 potions of might
 C - 4 potions of invisibility
 N - 4 potions of lignification
Books
 M - a book of Fire

   Spells                             Type                      Level
   a - Ignite Poison                  Fire/Transmutation/Poison    3
   b - Fireball                       Conjuration/Fire             5
   c - Bolt of Fire                   Conjuration/Fire             6
   d - Ring of Flames                 Charms/Fire                  7
   e - Ignition                       Fire                         8
 S - a book of the Earth

   Spells                             Type                      Level
   a - Leda's Liquefaction            Hexes/Earth                  4
   b - Bolt of Magma                  Conjuration/Fire/Earth       5
   c - Statue Form                    Transmutation/Earth          6
   d - Iron Shot                      Conjuration/Earth            6
   e - Shatter                        Earth                        9
 Z - a manual of Air Magic
Miscellaneous
 c - a phantom mirror
 w - a fan of gales
 P - a lamp of fire
Comestibles
 f - 79 rations


   Skills:
 - Level 17.3 Fighting
 - Level 16.0 Maces & Flails
 - Level 17.1 Armour
 - Level 9.7 Dodging
 - Level 11.0 Stealth
 - Level 15.0 Shields
 - Level 12.3 Spellcasting
 - Level 4.3 Hexes
 - Level 8.6 Charms
 - Level 9.4 Necromancy
 - Level 12.8 Translocations
 - Level 8.3 Transmutations
 + Level 19.4 Fire Magic
 - Level 12.3 Invocations


You had 8 spell levels left.
You knew the following spells:

 Your Spells              Type           Power        Failure   Level  Hunger
a - Blink                 Tloc           N/A          1%          2    None
b - Regeneration          Chrm/Necr      #######...   1%          3    None
c - Passwall              Tmut/Erth      ######....   1%          2    None
d - Animate Dead          Necr           N/A          1%          4    None
e - Song of Slaying       Chrm           #######.     1%          2    None
f - Spectral Weapon       Hex/Chrm       ######..     1%          3    None
g - Passage of Golubria   Tloc           N/A          1%          4    None
h - Lesser Beckoning      Tloc           #######...   1%          3    None
i - Apportation           Tloc           ######       1%          1    None
j - Yara's Violent Unrav  Hex/Tmut       ######....   9%          5    None
k - Ring of Flames        Chrm/Fire      ########..   11%         7    ####...
l - Deflect Missiles      Chrm/Air       ######....   71%         6    #......


Dungeon Overview and Level Annotations

Branches:
Dungeon (15/15)            Temple (1/1) D:5            Lair (6/6) D:9
  Swamp (4/4) Lair:2        Snake (4/4) Lair:2        Slime (0/5) Lair:6
    Orc (2/2) D:12            Elf (3/3) Orc:2        Vaults (4/5) D:13
  Crypt (3/3) Vaults:2       Tomb (0/3) Crypt:3      Depths (5/5) D:15
   Hell (1/1)                 Zot (4/5) Depths:5
    Dis: Hell:1         Geh: Hell:1         Coc: Hell:1         Tar: Hell:1

Altars:
Ashenzari
Cheibriados
Dithmenos
Fedhas
Gozag
Makhleb
Nemelex Xobeh
Okawaru
Qazlal
Sif Muna
Trog
Uskayaw
Vehumet
Wu Jian
Xom
Yredelemnul
Zin
Beogh

Shops:
D:4 *   D:8 [   D:10 *   Orc:2 *:[(:   Elf:3 **   Snake:1 !*[[   Vaults:3 [
Depths:2 =}}   Depths:3 *

Portals:
Hell: Depths:1 Depths:2 Depths:3 Depths:4 Depths:5
Abyss: Depths:2 Depths:3 Depths:4
Pandemonium: Depths:3
Ziggurat: Depths:3

Annotations:
D:14 exclusion: Roxanne, Roxanne
Lair:1 exclusion: 2 oklob plants
Depths:3 3 runed doors
Depths:4 exclusion: 3 statues
Hell Geryon


Innate Abilities, Weirdness & Mutations

You cannot wear boots.
Your serpentine skin is tough. (AC +9)
You have supernaturally acute eyesight. (SInv)
Armour fits poorly on your strangely shaped body.
Your system is resistant to poisons. (rPois)
You cover ground very slowly.
You have a slow metabolism.
You can spit poison.
You can use your snake-like lower body to constrict enemies.
You have a pair of small antennae on your head.
You have a beak for a mouth.
You are surrounded by a mild repulsion field. (EV +2)
You are resistant to hostile enchantments. (MR+)
You are covered in fur. (AC +1)


Message History

Okay, then.
Unknown command.
Unknown command.
You step out of the flow of time.
You hear a distant "Zot"! x22
You return to the normal time flow.
You feel somewhat less full. 3 moths of wrath, 2 fire elementals, 2 draconians and an efreet come into view.
The efreet is wielding a scimitar of flaming.
The red draconian roars!
The purple draconian monk roars!
The green draconian scorcher roars!
The white draconian roars!
The purple draconian roars!
The moth of wrath's fur bristles in rage as it notices you. x2
The purple draconian monk roars!
You hear a roar! x6
You hear a chilling moan. x2; You hear a roar!
You hear a chilling moan.
The white draconian breathes frost at you.
The chilling blast hits you!
The purple draconian monk breathes dispelling energy at you.
The bolt of dispelling energy hits you!
Your magical effects are unravelling.
You die...

. d. ##.E#....
#..####........
≈
.y.#.#..q..d..≈
.
...d#...d...#≈≈
E
...#...qd.q§y§≈
§#
..#.......E≈≈≈≈
...........≈≈≈≈
#.@.#
#....≈≈≈≈.
.REE.≈≈≈≈..
#..d##≈≈≈y..
E.#.. ≈≈≈≈..
....#. .≈≈≈≈q
...##.# ≈≈≈≈.
.. # .≈≈≈≈


You could see 2 draconians, a black draconian, a green draconian, a purple
draconian, 2 draconians, a white draconian, a red draconian stormcaller, a green
draconian scorcher, 3 moths of wrath, an efreet and 5 fire elementals.

Vanquished Creatures
  An ancient lich (Zot:3)
  Mara (Crypt:1)
  A juggernaut (Depths:2)
  Frederick (Depths:4)
  2 Killer Klowns
  Saint Roka (Snake:4)
  11 golden dragons
  Jory (Crypt:3)
  3 bone dragons
  6 tentacled monstrosities
  5 quicksilver dragons
  4 deep elf blademasters
  Asterion (Snake:2)
  3 liches
  2 deep elf master archers (Elf:3)
  2 sphinxes
  10 tentacled starspawn (Abyss:3)
  7 death cobs
  2 ancient champions (Crypt:3)
  An Executioner (Abyss:3)
  A thorn hunter (Abyss:3)
  6 tengu reavers
  9 storm dragons
  5 shadow dragons
  Donald (Orc:2)
  7 draconian monks
  Kirke (Lair:6)
  9 nagarajas (Snake:4)
  3 revenants
  4 draconian knights
  2 iron dragons (Zot:3)
  6 frost giants
  2 draconian scorchers
  Aizul (Snake:2)
  9 fire giants
  A juggernaut zombie (Depths:1)
  A balrug (Abyss:3)
  4 ghost moths
  9 deep elf sorcerers
  An orc warlord (Orc:2)
  2 deep elf elementalists (Elf:3)
  6 vault wardens
  4 curse skulls
  A spriggan defender (Depths:3)
  2 draconian shifters
  3 draconian stormcallers
  Louise (Snake:2)
  16 ironheart preservers
  21 stone giants
  4 draconian annihilators
  10 very ugly things
  2 reapers
  An entropy weaver (Vaults:1)
  13 vampire knights
  Azrael (Snake:2)
  6 deep elf demonologists
  6 green draconians
  10 deep elf annihilators
  2 dire elephants
  5 purple draconians
  7 black draconians
  A dire elephant (shapeshifter) (Depths:5)
  The ghost of Steforg the Carver, a journeyman NaBe of Trog (Lair:2)
  11 red draconians
  3 white draconians
  7 spark wasps
  The ghost of Elizilla the Grappler, a journeyman TrMo of Qazlal (Orc:2)
  Snorg (D:10)
  7 yellow draconians
  4 eidola
  9 ettins
  10 deep elf death magi
  5 statues (Depths:4)
  A minotaur (Lab)
  13 jiangshi
  2 green deaths (Abyss:3)
  21 large abominations
  16 fire dragons
  2 deep elf high priests (Elf:3)
  4 great orbs of eyes
  18 yaktaur captains
  A quicksilver dragon skeleton (Crypt:1)
  16 ogre magi
  13 naga warriors
  A catoblepas (D:14)
  5 vault guards (Vaults:4)
  14 hydras
  12 rakshasas
  4 ghost crabs
  8 spriggan air magi
  6 centaur warriors
  6 death knights
  5 ice dragons
  20 anacondas
  39 two-headed ogres
  3 deep troll shamans
  36 dancing weapons
  5 tengu warriors
  7 alligators
  18 vampire magi
  6 death yaks
  11 deep troll earth magi
  5 orc high priests
  7 spriggan berserkers
  5 shock serpents
  9 thrashing horrors (Abyss:3)
  3 soul eaters
  6 naga sharpshooters
  2 titan zombies
  A hell hog (Depths:1)
  Nergalle (Lair:2)
  10 hell knights
  11 small abominations
  24 deep elf knights
  2 storm dragon zombies (Crypt:3)
  2 fire crabs
  5 salamander mystics
  12 wretched stars (Abyss:3)
  3 sixfirhies (Abyss:3)
  A ghost moth zombie (Crypt:2)
  17 skeletal warriors
  5 golden dragon zombies
  3 iron trolls
  3 sun demons
  6 shadow wraiths
  A spark wasp zombie (Depths:3)
  A shadow demon (Abyss:3)
  4 swamp dragons
  2 shadow dragon zombies (Crypt:3)
  A storm dragon skeleton (Depths:1)
  An unseen horror (shapeshifter) (Vaults:2)
  3 unseen horrors
  21 deep trolls
  A glowing orange brain (shapeshifter) (Elf:2)
  A golden dragon skeleton (Crypt:3)
  4 spriggan druids
  An anaconda zombie (Crypt:3)
  3 shambling mangroves
  5 wizards
  A wolf spider zombie (Crypt:3)
  6 glowing orange brains
  5 spectral hydras (Swamp:4)
  4 naga ritualists
  20 deep elf archers
  An infernal demonspawn (Depths:3)
  An orange crystal statue (Depths:5)
  11 ironbrand convokers
  9 flayed ghosts
  3 mana vipers
  19 phantasmal warriors
  16 orc knights
  14 necromancers
  71 deep elf magi
  19 salamanders
  2 oklob plants
  A shadow dragon skeleton (Depths:2)
  40 ugly things
  3 wolf spiders
  A stone giant zombie (Vaults:1)
  4 orc sorcerers
  A manticore (D:14)
  4 harpies (Vaults:3)
  2 fire giant zombies
  3 cyclopes
  6 worldbinders (Abyss:3)
  2 sphinx skeletons
  A frost giant skeleton (Crypt:3)
  15 guardian serpents
  3 dire elephant zombies
  10 elephants
  18 moths of wrath
  26 black mambas
  A water nymph (Abyss:3)
  3 apocalypse crabs (Abyss:3)
  A fire giant skeleton (Crypt:1)
  A shock serpent zombie (Crypt:2)
  19 naga magi
  Joseph (D:10)
  14 spiny frogs
  A molten gargoyle (Depths:2)
  13 vault sentinels
  2 gargoyles
  A yellow draconian zombie (Crypt:2)
  57 yaktaurs
  A kobold demonologist (Bailey)
  3 swamp worm zombies (Swamp:4)
  8 komodo dragons
  An efreet (Abyss:3)
  2 komodo dragons (shapeshifter)
  6 ancient zymes (Abyss:3)
  A silent spectre (Abyss:3)
  A tormentor (Abyss:3)
  11 freezing wraiths
  6 guardian mummies
  A green draconian skeleton (Crypt:1)
  2 yaktaur skeletons (Depths:1)
  4 red devils
  2 harpy zombies
  A queen bee (D:11)
  A tengu conjurer (Depths:1)
  2 hellwings (Depths:2)
  A death yak skeleton (Crypt:3)
  7 trolls
  2 spectral guardian serpents (Crypt:1)
  19 hornets
  7 tyrant leeches
  A hydra zombie (Swamp:4)
  8 polar bears
  A hydra skeleton (Crypt:3)
  An ettin zombie (Crypt:2)
  4 raiju (Abyss:3)
  A blink frog (shapeshifter) (Abyss:3)
  11 bog bodies
  33 slime creatures
  2 spectral swamp dragons (Swamp:4)
  6 alligator zombies (Swamp:4)
  An iron dragon simulacrum (Crypt:3)
  24 blink frogs
  16 dream sheep
  A dream sheep (shapeshifter) (Vaults:4)
  11 hippogriffs
  A fire dragon zombie (Crypt:3)
  A frost giant simulacrum (Crypt:3)
  2 ice dragon zombies (Crypt:3)
  A satyr skeleton (Crypt:2)
  A fire giant simulacrum (Vaults:3)
  9 shadows
  A centaur simulacrum (D:14)
  A meliai zombie (D:15)
  5 air elementals
  5 flying skulls (Abyss:3)
  17 spriggans
  A spriggan (shapeshifter) (Vaults:3)
  8 ynoxinuls
  A fire dragon skeleton (Crypt:2)
  10 water elementals
  8 starcursed masses (Abyss:3)
  47 yaks
  2 fire bats (shapeshifter)
  A wyvern (shapeshifter) (Vaults:3)
  A basilisk (D:14)
  8 wraiths
  26 vampires
  6 fire elementals
  4 wyverns
  An elf simulacrum (Depths:2)
  A black mamba skeleton (Crypt:2)
  25 vampire mosquitoes
  2 chaos spawn (Abyss:3)
  6 neqoxecs (Abyss:3)
  6 hungry ghosts
  A yaktaur simulacrum (Vaults:1)
  2 hogs (Lair:6)
  6 wargs
  18 swamp worms
  A gelid demonspawn zombie (Crypt:3)
  A monstrous demonspawn zombie (Crypt:1)
  15 insubstantial wisps
  An ogre zombie (Vaults:1)
  An orb spider zombie (Crypt:2)
  A faun skeleton (Crypt:2)
  57 nagas
  A torturous demonspawn zombie (Crypt:2)
  2 floating eyes (Depths:3)
  5 hell hounds
  7 water moccasins
  4 acid dragons
  7 swamp drakes
  A floating eye (shapeshifter) (Depths:5)
  5 porcupines
  54 orc warriors
  3 black bears
  3 eyes of draining
  An ice beast (D:13)
  3 sky beasts
  An ice dragon simulacrum (Crypt:2)
  An ettin simulacrum (Depths:2)
  4 swamp dragon zombies (Swamp:4)
  18 boggarts
  8 phantoms
  A snapping turtle zombie (Crypt:3)
  30 wolves
  37 ogres
  A wolf (shapeshifter) (Depths:1)
  A manticore skeleton (Crypt:3)
  11 crocodiles
  12 centaurs
  6 big kobolds
  Blork the orc (Orc:2)
  3 elf zombies
  20 bullfrogs
  3 earth elementals
  A gnoll sergeant (D:7)
  A glowing shapeshifter simulacrum (Depths:3)
  An ogre simulacrum (Vaults:1)
  2 elf skeletons (D:6)
  A scorpion (D:11)
  A water moccasin zombie (Crypt:3)
  A shapeshifter zombie (Crypt:3)
  A yak zombie (Crypt:3)
  23 killer bees (D:11)
  A human simulacrum (Vaults:2)
  A vampire bat (D:5)
  7 wights
  4 howler monkeys
  4 electric eels (Bailey)
  A bullfrog zombie (D:11)
  13 lava snakes
  7 crimson imps
  A black bear zombie (Crypt:1)
  6 quasits
  4 centaur zombies
  2 hounds
  12 jellies
  22 orc priests
  3 human zombies
  26 orc wizards
  Ijyb (D:5)
  3 centaur skeletons
  6 iron imps
  6 bullfrog skeletons
  3 human skeletons
  2 iguanas
  8 worker ants
  8 hell rats (Lair:5)
  A naga zombie (Crypt:3)
  An acid dragon skeleton (Crypt:2)
  2 mummies (Ossuary)
  A worker ant zombie (D:11)
  28 gnolls
  A howler monkey skeleton (D:4)
  20 adders
  9 river rats
  5 shadow imps
  4 white imps
  3 ufetubi
  15 oozes
  3 adder zombies (Ossuary)
  2 adder skeletons
  5 worms
  4 dart slugs
  9 fire bats
  8 leopard geckos
  98 orcs
  2 spectral bats (D:5)
  14 bats
  3 bat skeletons (D:5)
  A bat zombie (D:5)
  3 giant cockroaches
  21 goblins
  11 hobgoblins
  4 jackals
  19 kobolds
  3 quokkas
  10 ball pythons
  A ball python zombie (D:5)
  A bat simulacrum (D:5)
  3 frilled lizards
  A goblin zombie (Ossuary)
  A hobgoblin skeleton (Crypt:1)
  7 hobgoblin zombies (Ossuary)
  2 jackal skeletons
  2 jackal zombies (Ossuary)
  9 kobold zombies (Ossuary)
  An orc skeleton (D:6)
  9 orc zombies (Ossuary)
  14 rats
  A rat zombie (Ossuary)
  A river rat skeleton (Crypt:2)
  A crawling corpse (Elf:3)
  2 fire vortices (Depths:4)
  3 fungi (D:10)
  A plant (Lair:1)
  A spectral weapon (Elf:3)
  8 starspawn tentacles (Abyss:3)
2629 creatures vanquished.

Vanquished Creatures (collateral kills)
  A hydra (Swamp:4)
  An anaconda (Snake:4)
  4 naga sharpshooters (Snake:4)
  A shock serpent (Snake:4)
  A spectral hydra (Swamp:4)
  2 naga magi (Snake:4)
  A spiny frog (Swamp:4)
  A hydra zombie (Swamp:4)
  A vampire mosquito (Swamp:4)
  3 nagas (Snake:4)
  5 insubstantial wisps (Swamp:4)
  An orc warrior (Snake:4)
  A swamp dragon zombie (Swamp:4)
  A phantom (Swamp:4)
  An orc (Snake:4)
25 creatures vanquished.

Vanquished Creatures (others)
  A draconian knight (Zot:2)
  2 deep elf annihilators (Depths:4)
  A deep elf archer (Elf:2)
  A deep elf mage (Elf:2)
  3 moths of wrath (Zot:4)
  A komodo dragon (Lair:6)
  A tengu conjurer (Depths:2)
  An alligator zombie (Swamp:4)
  A hog (Lair:6)
  3 humans (Lair:6)
  2 insubstantial wisps (Swamp:4)
  A naga (Snake:4)
  A centaur (Depths:1)
  2 orcs
  A bush (Depths:2)
  7 fungi
  2 lurking horrors (Abyss:3)
  16 plants
  13 spectral weapons
  24 starspawn tentacles (Abyss:3)
84 creatures vanquished.

Grand Total: 2738 creatures vanquished

Notes
Turn   | Place    | Note
-------+----------+-------------------------------------------
     0 | D:1      | Jannitor the Naga Fighter began the quest for the Orb.
     0 | D:1      | Reached XP level 1. HP: 21/21 MP: 1/1
   239 | D:1      | Reached XP level 2. HP: 28/28 MP: 2/2
   853 | D:1      | Reached XP level 3. HP: 34/34 MP: 3/3
  1381 | D:2      | Reached XP level 4. HP: 36/42 MP: 4/4
  1974 | D:3      | Reached XP level 5. HP: 50/50 MP: 5/5
  2239 | D:3      | Noticed an ogre
  2248 | D:2      | Killed an ogre
  2248 | D:2      | Reached XP level 6. HP: 37/57 MP: 6/6
  2875 | D:4      | Found Apagacs's Assorted Antiques.
  2893 | D:4      | Noticed an eye of draining
  2906 | D:4      | Killed an eye of draining
  2906 | D:4      | Reached XP level 7. HP: 66/66 MP: 0/7
  2910 | D:4      | Bought a lead wand for 88 gold pieces
  2910 | D:4      | Bought a viscous orange potion for 19 gold pieces
  2910 | D:4      | Bought a scroll labeled APUAFE LUTI for 22 gold pieces
  3635 | D:4      | Found a shimmering altar of Xom.
  3712 | D:5      | Entered Level 5 of the Dungeon
  3712 | D:5      | Found a staircase to the Ecumenical Temple.
  3720 | Temple   | Entered the Ecumenical Temple
  3815 | Temple   | Became a worshipper of Cheibriados the Contemplative
  3905 | D:5      | Reached skill level 5 in Fighting
  3930 | D:5      | Found a glowing drain.
  3939 | Sewer    | Entered a sewer
  3948 | Sewer    | Reached * piety under Cheibriados
  4025 | Sewer    | Reached XP level 8. HP: 74/74 MP: 8/8
  4255 | D:5      | Reached skill level 1 in Invocations
  4321 | D:5      | Noticed Ijyb
  4333 | D:5      | Killed Ijyb
  4476 | D:5      | Reached skill level 5 in Maces & Flails
  4477 | D:5      | Reached ** piety under Cheibriados
  4981 | D:5      | Reached *** piety under Cheibriados
  5305 | D:6      | Reached skill level 5 in Armour
  5305 | D:6      | Reached skill level 5 in Shields
  5319 | D:6      | Reached XP level 9. HP: 59/82 MP: 11/11
  5382 | D:6      | Found a sand-covered staircase.
  5399 | Ossuary  | Entered an ossuary
  5509 | Ossuary  | Reached **** piety under Cheibriados
  6011 | D:6      | Learned a level 2 spell: Blink
  6373 | D:6      | Found a glowing silver altar of Zin.
  6490 | D:6      | Reached ***** piety under Cheibriados
  7150 | D:7      | Found a flagged portal.
  7160 | Bailey   | Entered a bailey
  7260 | Bailey   | Found an iron altar of Okawaru.
  7260 | Bailey   | Noticed a kobold demonologist
  7260 | Bailey   | Noticed an orc high priest
  7272 | Bailey   | Noticed an orange demon
  7273 | Bailey   | Noticed a red devil
  7274 | Bailey   | Killed a kobold demonologist
  7274 | Bailey   | Reached skill level 5 in Invocations
  7282 | Bailey   | Killed an orc high priest
  7282 | Bailey   | Reached skill level 1 in Dodging
  7282 | Bailey   | Reached XP level 10. HP: 58/94 MP: 7/14
  9429 | D:8      | Noticed a purple ugly thing
  9469 | D:8      | Killed a purple ugly thing
  9469 | D:8      | Reached XP level 11. HP: 76/103 MP: 13/16
  9574 | D:8      | Found Adafooga's Antique Armour Boutique.
  9811 | D:8      | Noticed a two-headed ogre
  9819 | D:8      | Killed a two-headed ogre
 10081 | D:9      | Learned a level 3 spell: Regeneration
 10126 | D:9      | Reached ****** piety under Cheibriados
 10248 | D:9      | Reached skill level 1 in Necromancy
 10382 | D:9      | Found a staircase to the Lair.
 10479 | D:9      | Found a shimmering altar of Xom.
 10907 | D:10     | Entered Level 10 of the Dungeon
 11016 | D:10     | Noticed Joseph
 11023 | D:10     | Killed Joseph
 11035 | D:10     | Noticed Snorg
 11050 | D:10     | Killed Snorg
 11161 | D:10     | Noticed an oklob plant
 11417 | D:10     | Killed an oklob plant
 11487 | D:10     | Gained mutation: You have a pair of small horns on your head. [potion of mutation]
 11487 | D:10     | Gained mutation: You tend to lose your temper in combat. [potion of mutation]
 11487 | D:10     | Gained mutation: You are agile. (Dex +2) [potion of mutation]
 11488 | D:10     | Lost mutation: You tend to lose your temper in combat. [potion of mutation]
 11488 | D:10     | Lost mutation: You are agile. (Dex +2) [potion of mutation]
 11488 | D:10     | Gained mutation: You are robust. (+10% HP) [potion of mutation]
 11488 | D:10     | Gained mutation: You are weak. (Str -2) [potion of mutation]
 11488 | D:10     | Gained mutation: Your movements are slightly less encumbered by armour. (ER -2) [potion of mutation]
 11570 | D:10     | Found Ystraothy's Demolitions Depot.
 11866 | D:10     | Noticed a manticore
 12171 | D:11     | Found a labyrinth entrance.
 12171 | D:11     | Noticed a two-headed ogre
 12181 | D:11     | Killed a two-headed ogre
 12181 | D:11     | Reached XP level 12. HP: 118/123 MP: 18/18
 12190 | Lab      | Entered a labyrinth
 12417 | Lab      | Noticed a minotaur
 12425 | Lab      | Killed a minotaur
 12432 | Lab      | Identified Sif Muna's Collected Works on Flight
 12494 | D:11     | Noticed a seven-headed hydra
 12504 | D:11     | Killed a seven-headed hydra
 12920 | D:11     | Reached skill level 10 in Invocations
 13457 | D:12     | Found a staircase to the Orcish Mines.
 13595 | D:12     | Found a roughly hewn altar of Beogh.
 13829 | D:13     | Noticed a two-headed ogre
 13836 | D:13     | Killed a two-headed ogre
 13906 | D:13     | Noticed a centaur warrior
 13914 | D:13     | Killed a centaur warrior
 13914 | D:13     | Gained mutation: You can use your snake-like lower body to constrict enemies. [Naga growth]
 13914 | D:13     | Reached XP level 13. HP: 129/133 MP: 21/21
 13921 | D:13     | Reached skill level 5 in Dodging
 14042 | D:13     | Noticed a stone giant
 14062 | D:13     | Killed a stone giant
 14170 | D:13     | Got a crude silver amulet
 14171 | D:13     | Identified the amulet of Paul {+Rage SInv} (You found it on level 13 of the Dungeon)
 14286 | D:13     | Reached skill level 5 in Necromancy
 14460 | D:13     | Found a gate to the Vaults.
 14743 | Lair:1   | Entered Level 1 of the Lair of Beasts
 15213 | Lair:1   | Found a hide-covered altar of Uskayaw.
 15707 | Lair:2   | Noticed Steforg's ghost (journeyman NaBe)
 15720 | Lair:2   | Killed Steforg's ghost
 15720 | Lair:2   | Reached skill level 10 in Fighting
 15873 | Lair:2   | Found a staircase to the Snake Pit.
 15984 | Lair:2   | Noticed Nergalle
 15989 | Lair:2   | Killed Nergalle
 16200 | Lair:2   | Reached XP level 14. HP: 145/145 MP: 23/23
 16253 | Lair:2   | Found a staircase to the Swamp.
 16561 | Lair:3   | Found a dark tunnel.
 16575 | Volcano  | Entered a volcano
 16647 | Volcano  | Noticed a red draconian
 16660 | Volcano  | Killed a red draconian
 16661 | Volcano  | Reached skill level 10 in Maces & Flails
 16795 | Volcano  | Found a bloodstained altar of Trog.
 16818 | Volcano  | Found a radiant altar of Vehumet.
 18602 | Lair:5   | Reached skill level 1 in Spellcasting
 19587 | Lair:6   | Entered Level 6 of the Lair of Beasts
 19624 | Lair:6   | Noticed Kirke
 19631 | Lair:6   | Killed Kirke
 19649 | Lair:6   | Reached XP level 15. HP: 138/154 MP: 24/24
 19669 | Lair:6   | Found a staircase to the Slime Pits.
 19854 | Lair:6   | Got a pair of encrusted gloves
 19860 | Lair:6   | Identified the +2 pair of gloves of Hospitality {*Slow rC+ MR+++} (You found it on level 6 of the Lair of Beasts)
 21086 | Orc:1    | Entered Level 1 of the Orcish Mines
 21129 | Orc:1    | Gained mutation: You are occasionally teleported next to monsters. [a neqoxec]
 21131 | Orc:1    | Gained mutation: You are dopey. (Int -2) [a neqoxec]
 21184 | Orc:1    | Learned a level 2 spell: Passwall
 21194 | Orc:1    | Learned a level 4 spell: Animate Dead
 21534 | Orc:2    | Entered Level 2 of the Orcish Mines
 21534 | Orc:2    | Found Koawnith's Book Boutique.
 21536 | Orc:2    | Bought a book of Battle for 640 gold pieces
 21537 | Orc:2    | Noticed Elizilla's ghost (journeyman TrMo)
 21543 | Orc:1    | Learned a level 2 spell: Song of Slaying
 21547 | Orc:1    | Learned a level 3 spell: Spectral Weapon
 21552 | Orc:1    | Learned a level 4 spell: Passage of Golubria
 21583 | Orc:2    | Killed Elizilla's ghost
 21587 | Orc:2    | Lost mutation: You have a pair of small horns on your head. [potion of mutation]
 21587 | Orc:2    | Lost mutation: You are robust. (+10% HP) [potion of mutation]
 21587 | Orc:2    | Lost mutation: You are dopey. (Int -2) [potion of mutation]
 21587 | Orc:2    | Lost mutation: You are weak. (Str -2) [potion of mutation]
 21587 | Orc:2    | Gained mutation: You are weak. (Str -2) [potion of mutation]
 21587 | Orc:2    | Gained mutation: You are surrounded by a mild repulsion field. (EV +2) [potion of mutation]
 21588 | Orc:2    | Lost mutation: You are weak. (Str -2) [potion of mutation]
 21588 | Orc:2    | Lost mutation: You are occasionally teleported next to monsters. [potion of mutation]
 21588 | Orc:2    | Lost mutation: Your movements are slightly less encumbered by armour. (ER -2) [potion of mutation]
 21588 | Orc:2    | Gained mutation: Your body sometimes deteriorates upon taking damage. [potion of mutation]
 21588 | Orc:2    | Gained mutation: You have a beak for a mouth. [potion of mutation]
 21779 | Orc:2    | Noticed an orc warlord
 21790 | Orc:2    | Killed an orc warlord
 21791 | Orc:2    | Noticed Blork the orc
 21802 | Orc:2    | Killed Blork the orc
 21863 | Orc:2    | Found a roughly hewn altar of Beogh.
 21973 | Orc:2    | Found Arphokh's Antique Weapon Shop.
 21990 | Orc:2    | Found Yguesule's Antique Armour Shop.
 22005 | Orc:2    | Found Wulerill's Book Shop.
 22132 | Orc:2    | Noticed Donald
 22139 | Orc:2    | Killed Donald
 22139 | Orc:2    | Reached skill level 10 in Armour
 22178 | Orc:2    | Found a staircase to the Elven Halls.
 22361 | Orc:2    | Found Ryroluleh's General Store.
 22671 | D:14     | Found a flickering gateway to a bazaar.
 22693 | Bazaar   | Entered a bazaar
 22693 | Bazaar   | Found Myxo Soasu's Gadget Emporium.
 22693 | Bazaar   | Found Lointiph's Weapon Shop.
 22693 | Bazaar   | Found Goragein's Gadget Shoppe.
 22693 | Bazaar   | Found Oroqom's Jewellery Shop.
 22695 | Bazaar   | Found Jofeucw's Armour Shoppe.
 22695 | Bazaar   | Found Humirr's Gadget Boutique.
 22717 | Bazaar   | Bought the macabre finger necklace {rN+} for 400 gold pieces
 22717 | Bazaar   | Found the macabre finger necklace {rN+}
 22719 | Bazaar   | Bought a +4 ring of evasion for 360 gold pieces
 22760 | D:14     | Noticed Roxanne
 22944 | D:14     | Reached XP level 16. HP: 151/151 MP: 25/25
 23510 | D:15     | Entered Level 15 of the Dungeon
 23831 | Snake:1  | Entered Level 1 of the Snake Pit
 23879 | Snake:1  | Reached skill level 5 in Spellcasting
 24100 | Snake:1  | Reached skill level 10 in Shields
 24151 | Snake:1  | Found Zuru's Antique Armour Shoppe.
 24151 | Snake:1  | Found Wesirat's Distillery.
 24152 | Snake:1  | Found Liech's Armour Shoppe.
 24157 | Snake:1  | Found Jovvimo's Assorted Antiques.
 24160 | Snake:1  | Bought a runed hat for 266 gold pieces
 24168 | Snake:1  | Bought a vibrating crystal amulet for 180 gold pieces
 24168 | Snake:1  | Bought a scroll labeled GYQOGU OWNA for 36 gold pieces
 24168 | Snake:1  | Identified the amulet of Life {Gourm rC+} (You bought it in a shop on level 1 of the Snake Pit)
 24180 | Snake:1  | Bought a potion of cancellation for 112 gold pieces
 24465 | Snake:1  | Found a burning altar of Makhleb.
 24794 | Snake:2  | Noticed Louise
 24807 | Snake:2  | Killed Louise
 24813 | Snake:2  | Reached XP level 17. HP: 158/159 MP: 26/26
 24862 | Snake:2  | Noticed Azrael
 24872 | Snake:2  | Killed Azrael
 25292 | Snake:2  | Noticed Aizul
 25303 | Snake:2  | Killed Aizul
 25707 | Snake:2  | Noticed Asterion
 25717 | Snake:2  | Noticed an Executioner
 25718 | Snake:2  | Killed Asterion
 26660 | Snake:4  | Entered Level 4 of the Snake Pit
 26702 | Snake:4  | Reached skill level 1 in Charms
 26732 | Snake:4  | Reached XP level 18. HP: 162/168 MP: 27/27
 27040 | Snake:4  | Noticed Saint Roka
 27985 | Snake:4  | Killed Saint Roka
 28841 | Snake:4  | Learned a level 3 spell: Lesser Beckoning
 29033 | Snake:4  | Got a serpentine rune of Zot
 29378 | Vaults:1 | Entered Level 1 of the Vaults
 29401 | Vaults:1 | Reached XP level 19. HP: 176/178 MP: 30/30
 29425 | Vaults:1 | Reached skill level 1 in Translocations
 29736 | Vaults:1 | Reached skill level 5 in Charms
 31719 | Vaults:2 | Learned a level 1 spell: Apportation
 31735 | Vaults:2 | Found a staircase to the Crypt.
 31842 | Vaults:2 | Reached XP level 20. HP: 188/188 MP: 32/32
 32231 | Vaults:2 | Identified the +9 plate armour "Roro" {rPois} (You found it on level 2 of the Vaults)
 32485 | Vaults:2 | Found the +1 cloak of Starlight {rElec rC+ EV+4 Stlth--}
 32746 | Vaults:3 | Reached skill level 5 in Translocations
 33099 | Vaults:3 | Found Zymaovo's Armour Shop.
 34084 | Vaults:4 | Reached XP level 21. HP: 185/198 MP: 34/34
 35394 | Swamp:1  | Entered Level 1 of the Swamp
 35410 | Swamp:1  | Reached skill level 15 in Armour
 35928 | Swamp:1  | Reached skill level 10 in Spellcasting
 37646 | Swamp:4  | Entered Level 4 of the Swamp
 37883 | Swamp:4  | Noticed a bone dragon
 37906 | Swamp:4  | Killed a bone dragon
 38006 | Swamp:4  | Got a decaying rune of Zot
 38888 | Elf:1    | Entered Level 1 of the Elven Halls
 38906 | Elf:1    | Reached XP level 22. HP: 207/207 MP: 36/36
 39679 | Elf:2    | Found a gateway to a bazaar.
 39708 | Bazaar   | Entered a bazaar
 39708 | Bazaar   | Found Enoczes's Antique Weapon Shoppe.
 39708 | Bazaar   | Found Kixti's Magic Scroll Shoppe.
 39708 | Bazaar   | Found Qulan's Antique Weapon Emporium.
 39710 | Bazaar   | Found Yde Usog's Distillery.
 39721 | Bazaar   | Bought a scroll of teleportation for 27 gold pieces
 39721 | Bazaar   | Bought a scroll of brand weapon for 180 gold pieces
 39721 | Bazaar   | Bought a scroll of teleportation for 27 gold pieces
 39721 | Bazaar   | Bought a scroll of blinking for 67 gold pieces
 39721 | Bazaar   | Bought a scroll of magic mapping for 31 gold pieces
 39790 | Elf:2    | Found a huge runed gate.
 39790 | Elf:2    | Found a huge runed gate.
 39791 | Elf:2    | Found a huge runed gate.
 39794 | Elf:2    | Found a huge runed gate.
 39796 | Elf:2    | Found a huge runed gate.
 40327 | Elf:3    | Entered Level 3 of the Elven Halls
 40422 | Elf:3    | Found Coet's Assorted Antiques.
 40430 | Elf:3    | Bought a chunky metal-bound book for 465 gold pieces
 40461 | Elf:3    | Found Kixejuol's Assorted Antiques.
 40650 | Elf:3    | Reached skill level 15 in Fighting
 40652 | Elf:3    | Reached skill level 15 in Maces & Flails
 40848 | Elf:3    | Identified the ring of Umoumosu {rCorr rElec Int+4} (You took it off a deep elf mage on level 3 of the Elven Halls)
 40856 | Elf:3    | Identified the ring of Xom's Castigation {+Fly rPois} (You took it off a deep elf archer on level 3 of the Elven Halls)
 40894 | Elf:3    | Found the +2 ratskin cloak {+Rats rPois rN+ Str-1 Int-1 Dex+1}
 40910 | Elf:3    | Identified Jotazozu's Guide on Quantum Feathers
 40919 | Elf:3    | Identified the Catalogue of Supportive Clay
 40965 | Elf:3    | Learned a level 5 spell: Yara's Violent Unravelling
 41297 | Elf:2    | Reached XP level 23. HP: 217/217 MP: 38/38
 41300 | Elf:2    | Cast into level 2 of the Abyss (dire flail of distortion)
 41312 | Abyss:3  | Found a corrupted altar of Lugonu.
 41407 | Abyss:3  | Reached skill level 1 in Stealth
 41572 | Abyss:3  | Found a corrupted altar of Lugonu.
 41607 | Abyss:3  | Found a radiant altar of Vehumet.
 41705 | Abyss:3  | Reached skill level 5 in Stealth
 42109 | Abyss:3  | Gained mutation: You expend magic power (3 MP) to strengthen your wands. [a neqoxec]
 42290 | Abyss:3  | Reached skill level 10 in Stealth
 42376 | Abyss:3  | Got an abyssal rune of Zot
 42661 | Abyss:3  | Reached skill level 1 in Transmutations
 42874 | Abyss:3  | Found a corrupted altar of Lugonu.
 43025 | Abyss:3  | Paralysed by you for 2 turns
 43237 | Elf:2    | Escaped the Abyss
 43476 | Elf:2    | Reached XP level 24. HP: 226/226 MP: 38/38
 43763 | D:15     | Lost mutation: You expend magic power (3 MP) to strengthen your wands. [potion of mutation]
 43763 | D:15     | Lost mutation: Your body sometimes deteriorates upon taking damage. [potion of mutation]
 43763 | D:15     | Gained mutation: You are covered in fur. (AC +1) [potion of mutation]
 43763 | D:15     | Gained mutation: You evolve. [potion of mutation]
 43780 | D:15     | Reached skill level 10 in Translocations
 43958 | D:15     | Found a staircase to the Depths.
 44178 | D:15     | Found a sparkling altar of Nemelex Xobeh.
 44208 | D:15     | Found a blossoming altar of Fedhas.
 44275 | Depths:1 | Entered Level 1 of the Depths
 45017 | Depths:1 | Gained mutation: You have a pair of small antennae on your head. [evolution]
 45023 | Depths:1 | Found a gateway to Hell.
 45039 | Depths:1 | Reached skill level 5 in Transmutations
 45452 | Depths:2 | Noticed a juggernaut
 45756 | Depths:2 | Found Joluk's Jewellery Boutique.
 45756 | Depths:2 | Found Kowarru's Gadget Shoppe.
 45758 | Depths:2 | Found Heqov's Gadget Shoppe.
 45824 | Depths:2 | Killed a juggernaut
 46092 | Depths:2 | Reached XP level 25. HP: 237/237 MP: 39/39
 46206 | Depths:2 | Identified Ypnop's Tome of Augmentations and Dislocation
 46232 | Depths:2 | Learned a level 7 spell: Ring of Flames
 46239 | Depths:2 | Got a scintillating steel ring
 46717 | Depths:2 | Found a one-way gate to the infinite horrors of the Abyss.
 46829 | Depths:3 | Found a gateway to a ziggurat.
 46911 | Depths:3 | Paralysed by a floating eye for 4 turns
 47015 | Depths:3 | Found Cauhun's Blood Bar.
 47194 | Depths:3 | Found a one-way gate leading to the halls of Pandemonium.
 47533 | Depths:3 | Paralysed by a floating eye for 2 turns
 47537 | Depths:3 | Paralysed by a floating eye for 3 turns
 47866 | Depths:2 | Gained mutation: You are resistant to hostile enchantments. (MR+) [evolution]
 47904 | Depths:3 | Found a runed door.
 47924 | Depths:3 | Found a runed door.
 47967 | Depths:3 | Found a runed door.
 47975 | Depths:3 | Found a runed door.
 48024 | Depths:3 | Identified the ring "Zurhe" {Fire rElec MP+9 Int+4 Stlth-} (You took it off a frost giant on level 2 of the Depths)
 48025 | Depths:3 | Identified the ring of Zairch {rPois MP+9 Int+4} (You found it on level 3 of the Depths)
 48051 | Depths:3 | Identified the +0 pair of gloves of Qeroifuw {rC+ rN+} (You found it on level 3 of the Depths)
 48149 | Depths:4 | Reached skill level 15 in Shields
 48611 | Depths:4 | Found a radiant altar of Vehumet.
 48611 | Depths:4 | Noticed Frederick
 48618 | Depths:4 | Killed Frederick
 48639 | Depths:4 | Reached skill level 1 in Hexes
 48927 | Depths:4 | Found the +7 lajatang of Order {silver, rMut}
 49590 | Depths:5 | Entered Level 5 of the Depths
 49598 | Depths:5 | Reached XP level 26. HP: 242/249 MP: 39/39
 50088 | Depths:5 | Found a gateway to a bazaar.
 50105 | Bazaar   | Entered a bazaar
 50105 | Bazaar   | Found Dici's General Store.
 50115 | Bazaar   | Found Oskutile's Antique Weapon Boutique.
 50126 | Bazaar   | Found Quk Bori's Antique Armour Emporium.
 50134 | Bazaar   | Bought a pair of faintly glowing gloves for 304 gold pieces
 50134 | Bazaar   | Identified the cursed -1 pair of gloves of Oblivion {rElec rN+} (You bought it in a shop in a bazaar)
 50136 | Bazaar   | Found Qoacyt's Magic Scroll Emporium.
 50144 | Bazaar   | Bought a scroll of acquirement for 780 gold pieces
 50150 | Bazaar   | Found Ogeikhlu's Jewellery Boutique.
 50326 | Depths:5 | Found a gate to the Realm of Zot.
 50341 | Depths:5 | Paralysed by a floating eye for 4 turns
 50990 | Crypt:1  | Entered Level 1 of the Crypt
 51016 | Crypt:1  | Reached skill level 1 in Fire Magic
 51031 | Crypt:1  | Reached skill level 2 in Fire Magic
 51058 | Crypt:1  | Reached skill level 3 in Fire Magic
 51077 | Crypt:1  | Reached skill level 4 in Fire Magic
 51159 | Crypt:1  | Reached skill level 5 in Fire Magic
 51180 | Crypt:1  | Noticed Mara
 51189 | Crypt:1  | Killed Mara
 51189 | Crypt:1  | Reached skill level 6 in Fire Magic
 51956 | Crypt:2  | Reached skill level 7 in Fire Magic
 52067 | Crypt:2  | Reached skill level 8 in Fire Magic
 52297 | Crypt:2  | Lost mutation: You evolve. [end of evolution]
 52402 | Crypt:3  | Entered Level 3 of the Crypt
 52518 | Crypt:3  | Reached skill level 9 in Fire Magic
 52939 | Crypt:3  | Reached skill level 10 in Fire Magic
 53020 | Crypt:3  | Noticed Jory
 53029 | Crypt:3  | Killed Jory
 53157 | Crypt:3  | Reached skill level 11 in Fire Magic
 53462 | Crypt:3  | Reached skill level 12 in Fire Magic
 53467 | Crypt:3  | Reached XP level 27. HP: 217/258 MP: 39/39
 53980 | Crypt:3  | Learned a level 6 spell: Deflect Missiles
 54100 | Crypt:3  | Found a staircase to the Tomb.
 54803 | Hell     | Entered the Vestibule of Hell
 54803 | Hell     | Noticed Geryon
 54827 | Depths:1 | Reached skill level 13 in Fire Magic
 55148 | Zot:1    | Entered Level 1 of the Realm of Zot
 55586 | Zot:1    | Reached skill level 14 in Fire Magic
 56113 | Zot:2    | Reached skill level 15 in Fire Magic
 56540 | Zot:2    | Reached skill level 16 in Fire Magic
 57078 | Zot:3    | Reached skill level 17 in Fire Magic
 57587 | Zot:3    | Reached skill level 18 in Fire Magic
 57610 | Zot:3    | Identified the +10 morningstar "Inegra" {crush, Int+6} (You took it off a yellow draconian on level 3 of the Realm of Zot)
 57618 | Zot:3    | Noticed an ancient lich
 57633 | Zot:3    | Killed an ancient lich
 57726 | Zot:3    | Identified the -7 pair of gloves of the Modern Tales {rC+ MR+ Str+4 Int-2} (You acquired it on level 3 of the Realm of Zot)
 57742 | Zot:3    | Identified the +4 chain mail of the Equator {Regen+} (You acquired it on level 3 of the Realm of Zot)
 58107 | Zot:3    | Upgraded the game from 0.21.0-3-g78d12a8bdd to 0.21.0-8-gf18e19db4a
 58180 | Zot:3    | Reached skill level 19 in Fire Magic
 58188 | Zot:3    | Identified the amulet of Ytun {Spirit rC+ Str-3 Dex+4} (You found it on level 3 of the Realm of Zot)
 58527 | Zot:4    | HP: 5/258 [acid (8)]
 58529 | Zot:4    | Killed from afar by a purple draconian monk

Skill      XL: |  1  2  3  4  5  6  7  8  9 10 11 12 13 14 15 16 17 18 19 20 21 22 23 24 25 26 27 |
---------------+----------------------------------------------------------------------------------+-----
Shields        | 3 4 5 6 7 8 9 10 11 12 13 14 15 | 15.0
Armour         | 3 4 5 6 7 8 9 10 11 12 13 14 15 16 17 | 17.1
Maces & Flails | 3 4 5 6 7 8 9 10 11 12 13 14 15 16 | 16.0
Fighting       | 4 5 6 7 8 9 10 11 12 13 14 15 16 17 | 17.3
Invocations    | 3 5 7 9 10 12 | 12.3
Dodging        | 1 2 4 5 6 7 9 |  9.7
Necromancy     | 2 4 5 7 8 9 |  9.4
Spellcasting   | 2 4 5 6 7 8 9 10 11 12 | 12.3
Charms         | 1 4 6 7 8 |  8.6
Translocations | 4 6 7 9 11 12 | 12.8
Stealth        | 11 | 11.0
Transmutations | 3 6 8 |  8.3
Hexes          | 2 4 |  4.3
Fire Magic     | 12 19 | 19.4

Action                   |  1- 3 |  4- 6 |  7- 9 | 10-12 | 13-15 | 16-18 | 19-21 | 22-24 | 25-27 || total
-------------------------+-------+-------+-------+-------+-------+-------+-------+-------+-------++-------
Melee: Flail             |    69 |   130 |    32 |       |       |       |       |       |       ||   231
       Whip              |       |       |   655 |    83 |       |       |       |       |       ||   738
       Eveningstar       |       |       |       |   527 |   821 |   518 |  1275 |  1464 |  1702 ||  6307
       Headbutt          |       |       |       |    75 |   273 |       |       |       |       ||   348
       Constrict         |       |       |       |       |   192 |   138 |   240 |   256 |   308 ||  1134
       Peck              |       |       |       |       |    52 |   226 |   528 |   565 |   793 ||  2164
       Morningstar       |       |       |       |       |       |       |       |       |    81 ||    81
       Demon whip        |       |       |       |       |       |       |       |       |    34 ||    34
 Cast: Animate Dead      |       |       |       |       |     1 |     5 |     8 |       |       ||    14
       Blink             |       |       |       |       |     1 |       |       |       |       ||     1
       Regeneration      |       |       |       |       |       |     4 |     9 |    27 |    14 ||    54
       Lesser Beckoning  |       |       |       |       |       |       |    30 |    78 |    48 ||   156
       Song of Slaying   |       |       |       |       |       |       |    29 |    21 |    27 ||    77
       Spectral Weapon   |       |       |       |       |       |       |    18 |     7 |     6 ||    31
       Apportation       |       |       |       |       |       |       |     1 |     1 |     3 ||     5
Invok: Bend Time         |       |       |     1 |     5 |     1 |     2 |       |       |       ||     9
       Temporal Distorti |       |       |       |     5 |     3 |     6 |       |     2 |       ||    16
       Slouch            |       |       |       |     4 |     9 |    10 |     7 |     6 |     6 ||    42
       Step From Time    |       |       |       |       |       |     3 |       |       |     5 ||     8
 Abil: Spit Poison       |    34 |    58 |    35 |    18 |     5 |     4 |       |       |       ||   154
Evoke: Wand              |       |       |     2 |    15 |     4 |     1 |       |     1 |     2 ||    25
       Lamp of fire      |       |       |       |       |     2 |     1 |       |       |       ||     3
  Use: Potion            |       |     1 |     5 |     8 |     4 |     7 |     1 |     2 |     4 ||    32
       Scroll            |       |       |    15 |    10 |    19 |    16 |     7 |    15 |    20 ||   102
 Stab: Invisible         |       |       |     2 |       |       |     6 |       |       |       ||     8
       Distracted        |       |       |       |       |       |     1 |     2 |     1 |     2 ||     6
       Confused          |       |       |       |       |       |       |       |     1 |     3 ||     4
  Eat: Chunk             |     3 |     7 |    10 |     9 |    19 |     9 |    23 |    11 |    11 ||   102
       Ration            |       |       |     1 |     4 |     2 |     3 |     1 |     3 |     9 ||    23
Armor: Scale mail        |    49 |     7 |       |       |       |       |       |       |       ||    56
       Plate armour      |       |    93 |   479 |   370 |   547 |   278 |   579 |   618 |   895 ||  3859
Dodge: Dodged            |    35 |     7 |    40 |   169 |   368 |   333 |   820 |   914 |  1333 ||  4019
Block: Shield            |    62 |    61 |   425 |   474 |   730 |   529 |  1054 |  1227 |  1821 ||  6383
